 Dungeon Crawl Stone Soup version 0.28-a0-100-g47d82705ae (webtiles) character file.

Game seed: 2289255400454626344

164600 nefef the Scorcher (level 17, -7/102 HPs)
             Began as a Gargoyle Earth Elementalist on Aug 10, 2021.
             Was the Champion of Vehumet.
             Mangled by a tyrant leech (39 damage)
             ... on level 1 of the Swamp.
             The game lasted 01:37:22 (40258 turns).

nefef the Scorcher (Gargoyle Earth Elementalist)   Turns: 40258, Time: 01:37:23

Health: -7/102     AC: 30    Str: 13    XL:     17   Next: 86%
Magic:  0/31       EV: 14    Int: 22    God:    Vehumet [******]
Gold:   340        SH:  0    Dex: 10    Spells: 2/36 levels left

rFire   . . .      SeeInvis +   m - +4 dire flail (freeze)
rCold   + . .      Faith    .   (shield currently unavailable)
rNeg    + + .      Spirit   .   y - +4 steam dragon scales
rPois   ∞          Reflect  .   (helmet restricted)
rElec   +          Harm     .   n - +1 cloak
rCorr   .          Rampage  .   B - +0 pair of gloves {archery}
Will    +....                   u - +1 pair of boots of Lightning Storm {rC+ rN+ SInv}
Stlth   ++........              Q - amulet of regeneration
HPRegen 1.27/turn               k - +4 ring of protection
MPRegen 0.22/turn               d - ring of wizardry

@: corroded, flying
A: sickness immunity, AC +12, big wings, negative energy resistance 1,
electricity resistance, torment resistance 1, petrification resistance, antennae
1, iridescent scales 1
a: Renounce Religion


You were on level 1 of the Swamp.
You worshipped Vehumet.
Vehumet was exalted by your worship.
You visited 6 branches of the dungeon, and saw 29 of its levels.

You collected 2899 gold pieces.
You spent 2559 gold pieces at shops.

Inventory:

Hand Weapons
 m - a +4 dire flail of freezing (weapon)
 w - a +0 flail of venom
Missiles
 z - 497 stones
Armour
 b - a +2 robe of fire resistance
 n - a +1 cloak (worn)
 q - a +1 helmet
 u - the +1 pair of boots of Lightning Storm (worn) {rC+ rN+ SInv}
   (You found it on level 6 of the Dungeon)

   rC:        It protects you from cold.
   rN:        It protects you from negative energy.
   SInv:      It lets you see invisible.
 y - +4 steam dragon scales (worn)
 B - a +0 pair of gloves of archery (worn)
 D - a scarf of invisibility
Jewellery
 d - a ring of wizardry (right hand)
 i - a ring of magical power
 k - a +4 ring of protection (left hand)
 v - a ring of resist corrosion
 x - a +4 ring of protection
 Q - an amulet of regeneration (around neck)
Wands
 l - a wand of digging (2)
 o - a wand of acid (9)
 F - a wand of polymorph (2)
 G - a wand of charming (23)
 H - a wand of iceblast (14)
 N - a wand of paralysis (17)
Scrolls
 c - 5 scrolls of enchant weapon
 e - 5 scrolls of holy word
 p - 6 scrolls of amnesia
 r - 6 scrolls of magic mapping
 I - 3 scrolls of immolation
 K - 6 scrolls of teleportation
 L - 9 scrolls of identify
Potions
 a - 2 potions of cancellation
 f - 4 potions of heal wounds
 g - 3 potions of berserk rage
 h - 8 potions of curing
 j - 2 potions of resistance
 t - 2 potions of ambrosia
 E - a potion of magic
 M - 2 potions of brilliance
 O - 3 potions of might
 P - 3 potions of haste
Miscellaneous
 J - a lightning rod (3/4)


   Skills:
 + Level 10.3 Fighting
 + Level 9.6 Maces & Flails
 - Level 6.0 Armour
 + Level 8.3 Dodging
 - Level 2.1 Stealth
 + Level 10.4 Spellcasting
 + Level 11.7 Conjurations
 - Level 0.7 Transmutations
 + Level 16.3 Fire Magic
 * Level 13.8 Earth Magic
 + Level 8.5 Evocations


You had 2 spell levels left.
You knew the following spells:

 Your Spells              Type           Power      Damage    Failure   Level
a - Sandblast             Erth           100%       2d20      0%          1
b - Stone Arrow           Conj/Erth      100%       3d13      1%          3
c - Lee's Rapid Deconstr  Erth           32%        3d17*     1%          5
d - Iron Shot             Conj/Erth      30%        9d6       1%          6
e - Bolt of Magma         Conj/Fire/Erth 32%        4d14      1%          5
f - Starburst             Conj/Fire      32%        8x6d10    1%          6
g - Ignition              Fire           35%        3d11      5%          8

Your spell library contained the following spells:

 Spells                   Type           Power      Damage    Failure   Level
 Yara's Violent Unravell  Hex/Tmut       6%         3d5       14%         5
 Beastly Appendage        Tmut           28%        N/A       1%          1
 Freeze                   Ice            44%        1d6       1%          1
 Magic Dart               Conj           100%       1d8       1%          1
 Passwall                 Tmut/Erth      35%        N/A       1%          2
 Corona                   Hex            12%        N/A       2%          1
 Call Imp                 Summ           11%        N/A       3%          2
 Corpse Rot               Necr/Air       N/A        N/A       3%          2
 Dazzling Flash           Conj/Hex       74%        N/A       1%          3
 Ignite Poison            Fire/Tmut/Pois 36%        N/A       1%          3
 Mephitic Cloud           Conj/Pois/Air  28%        N/A       1%          3
 Animate Armour           Summ/Erth      82%        N/A       1%          4
 Hailstorm                Conj/Ice       37%        3d9       1%          4
 Iskenderun's Mystic Bla  Conj/Tloc      37%        2d9       1%          4
 Leda's Liquefaction      Hex/Erth       20%        N/A       1%          4
 Petrify                  Tmut/Erth      43%        N/A       1%          4
 Fireball                 Conj/Fire      32%        3d14      1%          5
 Frozen Ramparts          Ice            22%        1d4       2%          3
 Borgnjor's Vile Clutch   Necr/Erth      20%        N/A       4%          5
 Gell's Gravitas          Tloc           5%         N/A       7%          3
 Lesser Beckoning         Tloc           5%         N/A       7%          3
 Ozocubu's Armour         Ice            11%        N/A       7%          3
 Teleport Other           Tloc           11%        N/A       7%          3
 Animate Dead             Necr           5%         N/A       22%         4
 Dispel Undead            Necr           11%        3d9       22%         4
 Blade Hands              Tmut           7%         N/A       41%         5
 Agony                    Necr           11%        N/A       52%         5
 Silence                  Hex/Air        5%         N/A       52%         5
 Death Channel            Necr           5%         N/A       96%         6
 Dispersal                Tloc           5%         N/A       96%         6
 Ozocubu's Refrigeration  Ice            5%         4d6       97%         7
 Statue Form              Tmut/Erth      Unusable   N/A       N/A         6

Dungeon Overview and Level Annotations

Branches:
Dungeon (15/15)            Temple (1/1) D:5            Lair (6/6) D:10
  Swamp (1/4) Lair:4        Snake (4/4) Lair:3        Slime (0/5) Lair:6
    Orc (2/2) D:11            Elf (0/3) Orc:2        Vaults (0/5) D:13
 Depths (0/5) D:15

Altars:
Ashenzari
Cheibriados
Dithmenos
Elyvilon
Fedhas
Gozag
Hepliaklqana
Kikubaaqudgha
Makhleb
Nemelex Xobeh
Okawaru
Qazlal
Ru
Sif Muna
Trog
Uskayaw
Vehumet
Wu Jian
Xom
Yredelemnul
Zin
The Shining One
Beogh
Jiyva

Shops:
D:1 =[(   D:6 [(!   D:7 (   D:12 (   D:13 [   Orc:2 :(?*[   Snake:1 *:
Snake:2 :=::(*

Annotations:
D:14 3 runed translucent doors, Joow's ghost, adept GrEE
Lair:5 1 runed translucent door, lupus83's ghost, journeyman DjCj
Lair:6 1 runed translucent door
Orc:1 1 runed translucent door, Zes Ynwe's ghost, journeyman GnCj


Innate Abilities, Weirdness & Mutations

You are immune to sickness and miasma.
Your stone body is resilient. (AC +12)
You are immune to poison.
Your large and strong wings let you fly.
You resist negative energy. (rN+)
You are resistant to electric shocks. (rElec)
You are resistant to unholy torment.
You are immune to petrification.
You have a pair of small antennae on your head.
You are partially covered in iridescent scales. (AC +2)


Message History

A swamp drake comes into view.
Casting: Iron Shot (dangerous; 1% risk of failure)
Confirm with . or Enter, or press ? or * to list all spells.
Aiming: Iron Shot (dangerous; 1% risk of failure)
Press: ? - help, Shift-Dir - straight line, f/p - goliath frog
Aim: a goliath frog (steam, almost dead, strong, 54% to hit)
The iron shot misses the goliath frog.
The goliath frog is engulfed in a cloud of scalding steam.
The goliath frog hits you from afar!
You are splashed with acid!
* * * LOW HITPOINT WARNING * * *
The swamp dragon is engulfed in a cloud of scalding steam.
The tyrant leech bites you but does no damage.
The swamp drake breathes poison at you.
The noxious blast engulfs you but does no damage.
You resist.
The goliath frog is engulfed in a cloud of scalding steam.
You kill the goliath frog!
Vehumet accepts your kill.
You feel your power returning.
Unknown command.
Unknown command.
Unknown command.
Casting: Iron Shot (dangerous; 1% risk of failure)
Confirm with . or Enter, or press ? or * to list all spells.
Casting: Ignition (dangerous; 5% risk of failure)
Press: ? - help, Dir - look around, f - activate The air bursts into flame!
The fireball engulfs the swamp drake!
The swamp drake is moderately wounded.
The fireball engulfs the tyrant leech!
The tyrant leech is severely wounded.
The fireball engulfs the swamp dragon!
The swamp dragon is moderately wounded.
The fireball engulfs the swamp worm!
The swamp worm is heavily wounded.
The mangrove smoulders and burns.
You hear a roar!
A bloated husk comes into view.
The tyrant leech is engulfed in noxious fumes.
The tyrant leech bites you!!!
You die...

♣♣♣ ...≈. .≈...
♣≈≈≈≈≈
.≈≈≈.♣♣♣♣♣♣.≈≈≈≈≈
.≈≈≈.^§♣≈...≈≈§§§
≈≈≈≈≈§§≈≈§§.≈..w.
≈§≈.≈k≈≈§D..≈...
≈≈≈)§§§§≈○[..≈..
♣♣§§†○○.≈).♣.
♣≈≈§§@○≈...≈≈
♣♣.§≈§w○○...≈≈
♣♣.§§≈§§§≈...≈≈
♣.≈≈≈≈≈§§≈≈..≈n
♣≈≈.<.≈§§≈≈≈≈≈≈
♣♣..≈♣.....♣...
♣♣♣♣♣..≈♣♣..♣.
♣♣♣.♣ .§♣ ...


You could see a swamp dragon (strong), a tyrant leech (strong), a swamp worm, a
swamp drake and a bloated husk.

Vanquished Creatures
  A quicksilver dragon (shapeshifter) (D:14)
  Kirke (D:14)
  2 nagarajas (Snake:2)
  Aizul (Snake:1)
  A stone giant (D:15)
  3 very ugly things (D:14)
  3 dire elephants (Lair:6)
  An eleionoma (Swamp:1)
  Josephine (D:14)
  Erolcha (D:12)
  3 anacondas
  8 naga warriors
  A boulder beetle (D:14)
  6 hydras
  4 ogre magi (Orc:2)
  A catoblepas (D:14)
  6 centaur warriors
  24 two-headed ogres
  2 tengu warriors (D:15)
  9 death yaks
  The ghost of lupus83 the Destroyer, a novice DrAE of Vehumet (D:8)
  4 naga sharpshooters
  2 shock serpents
  2 salamander mystics
  3 spectral death yaks (Lair:6)
  A shadow wraith (D:13)
  A spectral anaconda (Lair:6)
  A goliath frog (Swamp:1)
  4 skeletal warriors (D:13)
  A glowing orange brain (D:14)
  An obsidian statue (Lair:6)
  A spriggan druid (Swamp:1)
  A naga ritualist (Snake:3)
  2 wizards
  4 bog bodies
  3 necromancers (Lair:6)
  2 orc knights
  Pikel (D:5)
  4 mana vipers
  2 deep elf pyromancers
  20 ugly things
  8 cyclopes
  5 manticores
  8 salamanders
  4 guardian serpents
  3 oklob plants (Lair:1)
  A guardian serpent (shapeshifter) (D:14)
  Maurice (Orc:1)
  9 elephants
  33 black mambas
  10 naga magi
  A cane toad (shapeshifter) (D:14)
  3 torpor snails
  A dire elephant skeleton (Lair:6)
  11 cane toads
  2 gargoyles
  An efreet (D:15)
  3 rime drakes
  A freezing wraith (D:14)
  18 komodo dragons
  4 trolls
  A meliai (shapeshifter) (D:13)
  2 polar bears
  6 meliai
  2 hornets (shapeshifter)
  6 blink frogs
  8 dream sheep
  4 slime creatures (D:13)
  5 hornets
  2 shadows
  A vampire (D:11)
  2 wyverns
  14 spriggans
  4 wraiths
  62 yaks
  6 basilisks
  7 vampire mosquitoes
  4 hogs (D:14)
  3 steam dragons
  A redback simulacrum (D:15)
  Grum (D:11)
  37 nagas
  A harpy simulacrum (D:14)
  A spectral cane toad (Lair:6)
  An acid dragon (D:12)
  2 wargs (Orc:1)
  2 swamp worms
  Duvessa (D:5)
  12 water moccasins
  19 orc warriors
  A swamp drake (D:11)
  5 sky beasts
  A meliai simulacrum (D:14)
  21 ogres
  4 necrophages
  3 boggarts (Lair:4)
  An elephant zombie (Lair:6)
  10 wolves
  10 centaurs
  2 phantoms
  A lemure (D:5)
  A kobold brigand (D:11)
  12 bullfrogs
  A gnoll sergeant (D:10)
  A wyvern zombie (D:6)
  2 cane toad simulacra (Lair:6)
  A scorpion (D:7)
  Dowan (D:5)
  2 elephant simulacra (Lair:6)
  16 killer bees
  7 electric eels
  8 wights
  4 howler monkeys
  A centaur zombie (D:8)
  An iron imp (D:9)
  A bullfrog zombie (D:5)
  Crazy Yiuf (D:5)
  17 orc priests
  2 iguanas
  2 jellies
  A gnoll shaman (D:5)
  22 orc wizards
  A scorpion zombie (D:4)
  9 hell rats
  2 hound zombies
  A howler monkey zombie (D:7)
  7 gnolls
  13 adders
  A shadow imp (D:6)
  A white imp (D:7)
  2 ufetubi
  An adder skeleton (D:5)
  2 adder zombies (D:4)
  4 worms
  A dart slug (D:4)
  68 orcs
  8 ball pythons
  9 endoplasms
  2 giant cockroaches (D:1)
  6 hobgoblins
  6 jackals
  5 quokkas
  6 bats
  5 frilled lizards
  3 goblins
  6 kobolds
  5 rats
  A bush (D:4)
822 creatures vanquished.

Vanquished Creatures (others)
  A shock serpent (Snake:2)
  A black mamba (Snake:2)
  50 fungi
  76 plants
  19 withered plants (Lair:6)
147 creatures vanquished.

Grand Total: 969 creatures vanquished

Notes
Turn   | Place    | Note
-------+----------+-------------------------------------------
     0 | D:1      | nefef the Gargoyle Earth Elementalist began the quest for
                  | the Orb.
     0 | D:1      | Reached XP level 1. HP: 10/10 MP: 3/3
   221 | D:1      | Reached XP level 2. HP: 15/15 MP: 1/5
   262 | D:1      | Found Wofyg's Armour Emporium.
   320 | D:1      | Found Pair Ufolimi's Antique Weapon Shoppe.
   994 | D:1      | Reached XP level 3. HP: 19/19 MP: 6/6
   998 | D:1      | Learned a level 3 spell: Stone Arrow
  1206 | D:1      | Found Ilasene's Jewellery Shoppe.
  1864 | D:2      | Reached skill level 1 in Conjurations
  2179 | D:2      | Reached XP level 4. HP: 24/24 MP: 5/8
  2412 | D:2      | Found a faded altar of an unknown god.
  4109 | D:3      | Reached skill level 5 in Earth Magic
  4197 | D:4      | Reached XP level 5. HP: 15/28 MP: 7/9
  4616 | D:4      | Noticed a fire elemental
  4618 | D:4      | Found a stormy altar of Qazlal.
  4620 | D:4      | Noticed an air elemental
  4620 | D:4      | Noticed a water elemental
  5151 | D:4      | Found a blossoming altar of Fedhas.
  5331 | D:4      | Noticed a necrophage
  5332 | D:4      | Noticed a necrophage
  5332 | D:4      | Noticed a necrophage
  5424 | D:4      | Killed a necrophage
  5426 | D:4      | Reached XP level 6. HP: 31/32 MP: 5/11
  5430 | D:4      | Killed a necrophage
  5455 | D:4      | Killed a necrophage
  5483 | D:4      | Reached XP level 7. HP: 23/36 MP: 2/13
  5608 | D:5      | Entered Level 5 of the Dungeon
  6049 | D:5      | Reached skill level 5 in Spellcasting
  6049 | D:5      | Reached skill level 5 in Conjurations
  6049 | D:5      | Reached XP level 8. HP: 38/41 MP: 8/15
  6100 | D:5      | Found a staircase to the Ecumenical Temple.
  6123 | Temple   | Entered the Ecumenical Temple
  6435 | D:5      | Noticed Duvessa
  6446 | D:5      | Noticed Dowan
  6449 | D:5      | Killed Duvessa
  6452 | D:5      | Killed Dowan
  6665 | D:5      | Found a basalt altar of Yredelemnul.
  6716 | D:5      | Noticed Pikel
  6758 | D:5      | Killed Pikel
  6759 | D:5      | Reached skill level 1 in Fighting
  6759 | D:5      | Reached skill level 1 in Maces & Flails
  6759 | D:5      | Reached skill level 1 in Armour
  6761 | D:5      | Reached XP level 9. HP: 40/48 MP: 5/17
  7038 | D:5      | Found a hide-covered altar of Uskayaw.
  7111 | D:5      | Found a runed translucent door.
  7112 | D:5      | Noticed Crazy Yiuf
  7117 | D:5      | Killed Crazy Yiuf
  7335 | D:6      | Found Xinwuep's Antique Armour Shoppe.
  7399 | D:6      | Found Sarueru's Weapon Boutique.
  7494 | D:6      | Identified the +1 pair of boots of Lightning Storm {rC+ rN+
                  | SInv}
  7672 | D:6      | Found Cacs's Distillery.
  7680 | D:6      | Bought 2 potions of heal wounds for 120 gold pieces
  7680 | D:6      | Bought a potion of curing for 36 gold pieces
  7680 | D:6      | Bought a potion of curing for 36 gold pieces
  7680 | D:6      | Bought a potion of curing for 36 gold pieces
  7680 | D:6      | Bought a potion of curing for 36 gold pieces
  8018 | D:7      | Reached skill level 1 in Evocations
  8137 | D:7      | Found a sacrificial altar of Ru.
  8376 | D:7      | Found a glowing silver altar of Zin.
  8679 | D:7      | Found a shimmering blue altar of Sif Muna.
  8784 | D:7      | Found Veloycid's Antique Weapon Shop.
  9193 | D:8      | Found a shimmering altar of Xom.
  9274 | D:8      | Found a hazy altar of Hepliaklqana.
  9301 | D:8      | Reached XP level 10. HP: 56/56 MP: 17/19
  9770 | D:8      | Noticed a two-headed ogre
  9776 | D:8      | Killed a two-headed ogre
 10189 | D:8      | Found a runed translucent door.
 10195 | D:8      | Noticed lupus83's ghost (novice DrAE)
 10207 | D:8      | Killed lupus83's ghost
 10689 | D:9      | Found a radiant altar of Vehumet.
 10692 | D:9      | Reached XP level 11. HP: 62/62 MP: 14/21
 10698 | D:9      | Reached skill level 5 in Armour
 10700 | D:9      | Reached skill level 5 in Fighting
 10823 | D:9      | Became a worshipper of Vehumet
 10953 | D:9      | Found a snail-covered altar of Cheibriados.
 11214 | D:9      | Found a sparkling altar of Nemelex Xobeh.
 11312 | D:9      | Noticed a two-headed ogre
 11318 | D:9      | Killed a two-headed ogre
 11416 | D:9      | Found a burning altar of Makhleb.
 11713 | D:10     | Entered Level 10 of the Dungeon
 11730 | D:10     | Found a staircase to the Lair.
 11731 | D:10     | Noticed a death yak
 11732 | D:10     | Noticed a death yak
 11732 | D:10     | Noticed a death yak
 11754 | D:10     | Killed a death yak
 11755 | D:10     | Reached skill level 5 in Maces & Flails
 11757 | D:10     | Killed a death yak
 11758 | D:10     | Reached skill level 10 in Earth Magic
 11782 | D:10     | Killed a death yak
 12025 | D:10     | Reached * piety under Vehumet
 12025 | D:10     | Offered knowledge of Shock by Vehumet.
 12356 | D:10     | Noticed a two-headed ogre
 12360 | D:10     | Killed a two-headed ogre
 12361 | D:10     | Reached skill level 5 in Dodging
 12512 | D:10     | Identified the +8 plate armour "Omoc" {rF+ rC+ MP+9 Dex-3}
 12855 | D:11     | Noticed Grum
 13257 | D:10     | Reached XP level 12. HP: 50/70 MP: 9/23
 13368 | D:11     | Killed Grum
 13538 | D:11     | Offered knowledge of Searing Ray by Vehumet.
 13542 | D:11     | Reached skill level 5 in Evocations
 13542 | D:11     | Reached ** piety under Vehumet
 14040 | D:11     | Noticed a two-headed ogre
 14044 | D:11     | Killed a two-headed ogre
 14344 | D:11     | Noticed a two-headed ogre
 14344 | D:11     | Noticed a two-headed ogre
 14354 | D:11     | Killed a two-headed ogre
 14393 | D:11     | Killed a two-headed ogre
 14474 | D:11     | Offered knowledge of Inner Flame by Vehumet.
 14584 | D:11     | Found a staircase to the Orcish Mines.
 14872 | D:12     | Noticed a two-headed ogre
 14878 | D:12     | Killed a two-headed ogre
 15059 | D:12     | Reached *** piety under Vehumet
 15189 | D:12     | Noticed Erolcha
 15194 | D:12     | Killed Erolcha
 15271 | D:12     | Found Sukkaz's Antique Weapon Shop.
 15797 | D:13     | Noticed a centaur warrior
 15960 | D:13     | Noticed a centaur warrior
 15972 | D:13     | Killed a centaur warrior
 15973 | D:13     | Reached XP level 13. HP: 38/76 MP: 15/25
 16061 | D:13     | Found Paeklac's Armour Shoppe.
 16524 | D:13     | Offered knowledge of Sticky Flame by Vehumet.
 16626 | D:13     | Found a gate to the Vaults.
 16898 | D:13     | Reached skill level 10 in Conjurations
 17424 | D:14     | Noticed Louise
 17504 | D:14     | Noticed Louise
 17504 | D:14     | Louise changed into Louise the catoblepas
 17521 | D:14     | Killed Louise the catoblepas
 17850 | D:14     | Noticed Josephine
 17858 | D:14     | Killed Josephine
 18175 | D:14     | Noticed a quicksilver dragon
 18186 | D:14     | Killed a quicksilver dragon
 18569 | D:14     | Gained mutation: You are weak. (Str -2) [potion of
                  | mutation]
 18569 | D:14     | Gained mutation: You possess an exceptional clarity of
                  | mind. [potion of mutation]
 18569 | D:14     | Lost mutation: You are weak. (Str -2) [potion of mutation]
 18594 | D:14     | Reached **** piety under Vehumet
 18913 | D:14     | Found a runed translucent gate.
 18913 | D:14     | Found a runed translucent gate.
 18913 | D:14     | Found a runed translucent gate.
 18913 | D:14     | Noticed a white very ugly thing
 18914 | D:14     | Noticed a white very ugly thing
 18915 | D:14     | Got First Steps in Spellcraft
 18916 | D:14     | Noticed a cyan very ugly thing
 18947 | D:14     | Gained mutation: Your large and strong wings let you fly.
                  | [Gargoyle growth]
 18947 | D:14     | Reached XP level 14. HP: 64/84 MP: 24/27
 19170 | D:14     | Learned a level 5 spell: Bolt of Magma
 19290 | D:14     | Noticed Kirke
 19305 | D:14     | Killed Kirke
 19306 | D:14     | Reached skill level 1 in Fire Magic
 19310 | D:14     | Offered knowledge of Lightning Bolt by Vehumet.
 19757 | D:14     | Killed a white very ugly thing
 19758 | D:14     | Reached skill level 2 in Fire Magic
 19772 | D:14     | Killed a purple very ugly thing
 19773 | D:14     | Killed a purple very ugly thing
 19830 | D:14     | Found a runed translucent gate.
 19830 | D:14     | Found a runed translucent gate.
 19833 | D:14     | Noticed Joow's ghost (adept GrEE)
 19842 | D:14     | Found a runed translucent gate.
 19847 | D:14     | Noticed a cacodemon
 19946 | Lair:1   | Entered Level 1 of the Lair of Beasts
 19972 | Lair:1   | Reached skill level 3 in Fire Magic
 20382 | Lair:1   | Identified the +8 glaive of Puxuzxom {freeze, Fly rC-
                  | Str+2}
 21593 | Lair:2   | Lost mutation: You possess an exceptional clarity of mind.
                  | [potion of mutation]
 21593 | Lair:2   | Gained mutation: Potions are less effective at restoring
                  | your health. [potion of mutation]
 21593 | Lair:2   | Gained mutation: You are dopey. (Int -2) [potion of
                  | mutation]
 21593 | Lair:2   | Gained mutation: You are weak. (Str -2) [potion of
                  | mutation]
 21594 | Lair:2   | Lost mutation: You are dopey. (Int -2) [potion of mutation]
 21594 | Lair:2   | Lost mutation: You are weak. (Str -2) [potion of mutation]
 21594 | Lair:2   | Gained mutation: You have a pair of small antennae on your
                  | head. [potion of mutation]
 21594 | Lair:2   | Lost mutation: Potions are less effective at restoring your
                  | health. [potion of mutation]
 21594 | Lair:2   | Gained mutation: You are partially covered in iridescent
                  | scales. (AC +2) [potion of mutation]
 21644 | Lair:2   | Reached skill level 4 in Fire Magic
 22387 | Lair:2   | Learned a level 8 spell: Ignition
 22921 | Lair:2   | Reached skill level 5 in Fire Magic
 23574 | Lair:3   | Reached ***** piety under Vehumet
 23710 | Lair:3   | Offered knowledge of Lee's Rapid Deconstruction by Vehumet.
 23722 | Lair:2   | Learned a level 5 spell: Lee's Rapid Deconstruction
 23892 | Lair:3   | Reached skill level 6 in Fire Magic
 24283 | Lair:3   | Reached XP level 15. HP: 91/91 MP: 20/28
 24285 | Lair:3   | Reached skill level 7 in Fire Magic
 24853 | Lair:3   | Found a staircase to the Snake Pit.
 25192 | Lair:4   | Reached skill level 8 in Fire Magic
 25734 | Lair:4   | Reached skill level 9 in Fire Magic
 26458 | Lair:4   | Found a staircase to the Swamp.
 26568 | Lair:4   | You are sucked into a shaft and drop 1 floor!
 26569 | Lair:5   | You are sucked into a shaft and drop 1 floor!
 26569 | Lair:6   | Entered Level 6 of the Lair of Beasts
 26655 | Lair:5   | Reached skill level 10 in Fire Magic
 27022 | Lair:5   | Found a runed translucent door.
 27045 | Lair:5   | Noticed lupus83's ghost (journeyman DjCj)
 27849 | Lair:5   | Reached skill level 11 in Fire Magic
 28339 | Lair:6   | Offered knowledge of Conjure Ball Lightning by Vehumet.
 29226 | Lair:5   | Reached skill level 12 in Fire Magic
 29687 | Lair:6   | Found a runed translucent door.
 29691 | Lair:6   | Found a viscous altar of Jiyva.
 29692 | Lair:6   | Found a staircase to the Slime Pits.
 29692 | Lair:6   | Noticed an azure jelly
 29692 | Lair:6   | Noticed an azure jelly
 29692 | Lair:6   | Noticed an azure jelly
 30465 | Lair:6   | Reached skill level 13 in Fire Magic
 30465 | Lair:6   | Reached XP level 16. HP: 68/96 MP: 21/29
 31320 | Orc:1    | Entered Level 1 of the Orcish Mines
 31534 | Orc:1    | Found a runed translucent door.
 31534 | Orc:1    | Noticed Zes Ynwe's ghost (journeyman GnCj)
 31763 | Orc:1    | Noticed Maurice
 31770 | Orc:1    | Killed Maurice
 32055 | Orc:1    | Learned a level 6 spell: Starburst
 32080 | Orc:2    | Entered Level 2 of the Orcish Mines
 32080 | Orc:2    | Found Votiuc's Book Shoppe.
 32117 | Orc:2    | Found a staircase to the Elven Halls.
 32506 | Orc:2    | Found Mungigiy's Weapon Shop.
 32506 | Orc:2    | Found Hudd's Magic Scroll Shoppe.
 32508 | Orc:2    | Reached skill level 14 in Fire Magic
 32509 | Orc:2    | Found Paenodol's Assorted Antiques.
 32509 | Orc:2    | Found Quseradgh's Armour Boutique.
 32514 | Orc:2    | Reached skill level 15 in Fire Magic
 32538 | Orc:2    | Bought a potion of heal wounds for 200 gold pieces
 32541 | Orc:2    | Bought a scroll of holy word for 127 gold pieces
 32541 | Orc:2    | Bought a scroll of teleportation for 51 gold pieces
 32541 | Orc:2    | Bought a scroll of enchant weapon for 127 gold pieces
 32541 | Orc:2    | Bought a scroll of blinking for 127 gold pieces
 32541 | Orc:2    | Bought 3 scrolls of enchant armour for 382 gold pieces
 33796 | D:15     | Entered Level 15 of the Dungeon
 34500 | D:14     | Offered knowledge of Yara's Violent Unravelling by Vehumet.
 34658 | D:15     | Reached skill level 16 in Fire Magic
 35020 | D:15     | Found a staircase to the Depths.
 35363 | Snake:1  | Entered Level 1 of the Snake Pit
 35609 | Snake:1  | Noticed Aizul
 35642 | Snake:1  | Killed Aizul
 35828 | Snake:1  | Reached XP level 17. HP: 100/100 MP: 20/30
 35929 | Snake:1  | Found Purekoc's Self-Improvement Boutique.
 36013 | Snake:1  | Reached skill level 10 in Spellcasting
 36267 | Snake:1  | Found Rugatwyis's General Store.
 36279 | Snake:1  | Bought a potion of cancellation for 144 gold pieces
 36279 | Snake:1  | Bought a potion of curing for 54 gold pieces
 36279 | Snake:1  | Bought a scroll of magic mapping for 63 gold pieces
 36800 | Snake:2  | Found Adouboic's Weapon Emporium.
 37221 | Snake:2  | Found Deinn's Jewellery Emporium.
 37221 | Snake:2  | Found Jyw Tig's Book Boutique.
 37222 | Snake:2  | Found Sismawipn's Book Boutique.
 37239 | Snake:2  | Bought a book of Iron for 576 gold pieces
 37385 | Snake:2  | Learned a level 6 spell: Iron Shot
 37623 | Snake:2  | Found Heghew's Book Boutique.
 38157 | Snake:2  | Found Retwunuk's Assorted Antiques.
 38283 | Snake:2  | Bought a potion of haste for 370 gold pieces
 38283 | Snake:2  | Bought a scroll labelled LUNORIO XIVIFE for 37 gold pieces
 38283 | Snake:2  | Bought a scroll labelled GIOTWA SIUKLEU for 37 gold pieces
 38360 | Snake:2  | Reached skill level 10 in Fighting
 40140 | Snake:4  | Entered Level 4 of the Snake Pit
 40240 | Swamp:1  | Entered Level 1 of the Swamp
 40246 | Swamp:1  | Reached ****** piety under Vehumet
 40258 | Swamp:1  | Mangled by a tyrant leech

Illustrated notes

Levels and vault maps discovered:
D:1:      tarquinn_simple_flora_water_c, layout_loops_corners, serial_shops,
          shop_fountains, nicolae_shop_trees, shop_fountains
D:2:      layout_basic, shapermc_ecumenical_altar_ellora, serial_bayou,
          serial_bayou_pond_b, serial_bayou_pond_d, serial_bayou_shore_b,
          serial_bayou_shore_a
D:3:      layout_basic
D:4:      layout_layer_cave, fedhas_altar_decomposition,
          nicolae_qazlal_style_of_elements, st_stairs_13
D:5:      layout_loops_ring, old_standard_altar,
          nicolae_uskayaw_murder_on_the_dancefloor, minmay_temple_entry_tees,
          serial_park_tiny_2, uniq_sigmund, uniq_duvessa,
          uniq_crazy_yiuf_cottage, uniq_pikel
D:6:      layout_cave_pools, serial_shops, shop_coins, shop_statue,
          nicolae_shop_statue_plus
D:7:      layout_loops_ring, zin_statuary, overflow_temple_1_default,
          mainiacjoe_overflow_24_doors, serial_shops, shop_fountains,
          amcnicky_mini_pool_small
D:8:      layout_gridville, mainiacjoe_overflow_boulevard,
          mainiacjoe_overflow_tiny_flanked, ebering_ghost_reflecting_pool
D:9:      layout_roguey, mainiacjoe_overflow_alcove_1, nemelex_altar_shiori,
          slow_altar_1, mainiacjoe_overflow_chevrons
D:10:     layout_roguey, dpeg_lair_monsters
D:11:     layout_rooms, erik_orc_1, special_room [special_room_orc], uniq_grum
D:12:     layout_cave_pools, serial_shops, nicolae_shop_stone, uniq_erolcha
D:13:     layout_basic, david_vaults_4, serial_shops, kennysheep_mini_moat
D:14:     layout_cave_pods, ploomutoo_gammafunk_ghost_potion_laboratory,
          uniq_josephine, uniq_kirke, uniq_louise
D:15:     grunt_enter_depths_snipers, layout_rooms,
          chequers_serial_rivers_micro_c
Temple:   compressed_dpeg_triangle_lava_temple
Lair:1:   layout_chaotic_city, minmay_lair_oklob_chamber
Lair:2:   layout_small_grid, disabler_island
Lair:3:   minmay_lair_venomous_thicket, layout_hall_layers,
          minmay_snake_entry_guardpost_medium, nicolae_quartered_pool_medium,
          minivault_25, grunt_megastairs_5
Lair:4:   kb_forest_paths, layout_regular_city,
          nicolae_swamp_entry_splash_gauntlet, grunt_forest_stairs_basic,
          cheibrodos_lair_caveside_slide, patterned_corridor
Lair:5:   layout_long_grid, ebering_ghost_reflecting_pool, grunt_megastairs_4,
          serial_bayou_shore_b
Lair:6:   due_jungle_book, layout_gridlike, slime_altar_2, serial_bayou_pond_e
Swamp:1:  layout_basic_swamp, hangedman_swamp_ruin_hall, swamp_pool5,
          nicolae_swamp_super_fun_site
Snake:1:  layout_onion, serial_shops, shop, nicolae_shop_self_help, uniq_aizul
Snake:2:  layout_gridlike, serial_shops, shop_statue, shop_statue, shop_coins,
          hangedman_venom_bottle, minmay_shop_grove
Snake:3:  layout_onion_interference
Snake:4:  snake_pit, layout_layer_cave, uniq_asterion
Orc:1:    nicolae_orc_accident_2, layout_caves, gammafunk_ghost_grave,
          uniq_maurice
Orc:2:    st_orc_ogre_mass, layout_caves, serial_shops, nicolae_shop_trees

Skill      XL: |  1  2  3  4  5  6  7  8  9 10 11 12 13 14 15 16 17 |
---------------+----------------------------------------------------+-----
Earth Magic    | 4 5 6 7 8 9 10 11 12 13 | 13.8
Conjurations   | 1 2 3 5 6 7 8 9 10 11 | 11.7
Spellcasting   | 3 4 5 6 7 8 9 10 | 10.4
Fighting       | 1 3 4 6 7 8 9 10 | 10.3
Maces & Flails | 1 3 4 5 7 8 9 |  9.6
Armour         | 1 3 4 6 |  6.0
Dodging        | 2 3 4 5 6 7 8 |  8.3
Evocations     | 2 3 4 6 7 8 |  8.5
Fire Magic     | 6 13 16 | 16.3
Stealth        | |  2.1
Transmutations | |  0.7

Action                   |  1- 3 |  4- 6 |  7- 9 | 10-12 | 13-15 | 16-18 || total
-------------------------+-------+-------+-------+-------+-------+-------++-------
Melee: Unarmed           |     2 |       |       |       |       |       ||     2
       Spear             |    64 |       |       |       |       |       ||    64
       Mace              |    23 |   185 |   181 |       |       |       ||   389
       Flail             |       |       |    28 |   306 |   617 |   325 ||  1276
       Dire flail        |       |       |       |       |       |   205 ||   205
 Cast: Sandblast         |    24 |    24 |   101 |    52 |    56 |    14 ||   271
       Stone Arrow       |       |       |    16 |   167 |   227 |    82 ||   492
       Bolt of Magma     |       |       |       |       |   177 |   110 ||   287
       Lee's Rapid Decon |       |       |       |       |    24 |    12 ||    36
       Ignition          |       |       |       |       |       |    35 ||    35
       Iron Shot         |       |       |       |       |       |    31 ||    31
Evoke: Wand              |       |       |     2 |    25 |    25 |       ||    52
       Lightning rod     |       |       |       |       |     6 |     5 ||    11
  Use: Scroll            |     4 |     4 |     6 |     6 |    11 |     9 ||    40
       Potion            |       |       |       |     5 |    16 |     4 ||    25
 Stab: Sleeping          |     5 |     3 |       |     1 |     1 |     6 ||    16
       Invisible         |       |       |       |       |       |     2 ||     2
       Distracted        |       |       |       |       |       |     1 ||     1
Armor: Robe              |    39 |    99 |   211 |    10 |       |       ||   359
       Steam dragon scal |       |       |       |   282 |   530 |   444 ||  1256
       Skin              |       |       |       |       |    10 |       ||    10
Dodge: Dodged            |    48 |   152 |   238 |   313 |   633 |   465 ||  1849

Table legend: (Time is in decaauts)
 A = Elapsed time spent in this place.
 B = Non-inter-level travel time spent in this place.
 C = Inter-level travel time spent in this place.
 D = Time resting spent in this place.
 E = Time spent auto-exploring this place.
 F = Levels seen in this place.
 G = Mean time per level.
                   A        B        C        D        E       F      G
               +--------+--------+--------+--------+--------+-----+--------+
         Total |  40473 |  38892 |   1581 |   4629 |  27773 |  29 | 1395.6 |
       Dungeon |  22294 |  21441 |    853 |   2992 |  14966 |  15 | 1486.3 |
        Temple |    276 |    258 |     18 |      0 |    258 |   1 |  276.0 |
          Lair |  11404 |  10980 |    424 |   1216 |   8057 |   6 | 1900.7 |
         Swamp |     17 |     17 |      0 |      0 |      0 |   1 |   17.0 |
     Snake Pit |   4814 |   4594 |    220 |    421 |   3249 |   4 | 1203.5 |
  Orcish Mines |   1666 |   1601 |     65 |      0 |   1243 |   2 |  833.0 |
               +--------+--------+--------+--------+--------+-----+--------+

Top non-repeatable levels by time:
    D:14: 3149 daAuts
    D:13: 2511 daAuts
  Lair:6: 2496 daAuts
 Snake:2: 2091 daAuts
  Lair:4: 2080 daAuts
  Lair:2: 2043 daAuts
    D:10: 1644 daAuts
  Lair:5: 1630 daAuts
  Lair:1: 1623 daAuts
    D:11: 1578 daAuts
  Lair:3: 1530 daAuts
     D:2: 1491 daAuts
     D:4: 1484 daAuts
 Snake:3: 1425 daAuts
     D:9: 1418 daAuts
